 Dungeon Crawl Stone Soup version 0.29.1-13-g9f3cf754e1 (webtiles) character file.

Game seed: 17225644920360702367

8640 promet the Warrior (level 11, -8/137 HPs)
             Began as an Ogre Fighter on Jan 25, 2023.
             Was a High Priest of Cheibriados.
             Mangled by a freezing wraith (10 damage)
             ... on level 9 of the Dungeon on Jan 26, 2023.
             The game lasted 01:17:56 (11394 turns).

promet the Warrior (Ogre Fighter)                  Turns: 11394, Time: 01:17:57

Health: -8/137     AC:  6    Str: 34    XL:     11   Next: 34%
Magic:  14/14      EV: 11    Int: 25    God:    Cheibriados [*****.]
Gold:   638        SH: 10    Dex: 20    Spells: 4/10 levels left

rFire   . . .      SeeInvis +   o - +4 scimitar (flame)
rCold   . . .      Faith    .   c - +0 kite shield
rNeg    . . .      Spirit   .   t - +1 troll leather armour
rPois   .          Reflect  .   (helmet restricted)
rElec   .          Harm     .   (no cloak)
rCorr   .          Rampage  .   (gloves unavailable)
Will    +....                   (boots unavailable)
Stlth   ++........              g - amulet of regeneration
HPRegen 1.92/turn               l - ring of flight
MPRegen 0.14/turn               r - ring of see invisible

@: flying, slowed, very slow
A: large, unfitting armour, tough skin 1
a: Renounce Religion, Bend Time, Temporal Distortion, Slouch, Step From Time


You were on level 9 of the Dungeon.
You worshipped Cheibriados.
Cheibriados was extremely pleased with you.
You visited 1 branch of the dungeon, and saw 9 of its levels.

You collected 638 gold pieces.

Inventory:

Hand Weapons
 a - a +1 broad axe of venom
 b - the +9 sling of the Coin {freeze, rF+ MP+9 Int+4}
   (You found it on level 4 of the Dungeon)

   Any ammunition fired from it freezes those it strikes, dealing additional
   cold damage.
   It can also slow down cold-blooded creatures.
   Int:       It affects your intelligence (+4).
   rF:        It protects you from fire.
   MP:        It affects your magic capacity (+9).
 e - a +4 morningstar
 f - a +0 shortbow of flaming
 i - a +4 short sword
 o - a +4 scimitar of flaming (weapon)
 w - a +1 flail of protection
 B - a +4 mace
 I - a +3 hand axe
 P - the +5 rapier of the Vendetta {freeze, Str+7 Dex+4 Stlth+}
   (You took it off a gnoll on level 9 of the Dungeon)

   It freezes those it strikes, dealing additional cold damage.
   It can also slow down cold-blooded creatures.
   Str:       It affects your strength (+7).
   Dex:       It affects your dexterity (+4).
   Stlth:     It makes you more stealthy.
 Q - a +5 trident
Missiles
 j - 4 large rocks (quivered)
 n - 94 stones
 q - 23 poisoned darts
 y - 6 atropa-tipped darts
 L - 3 javelins
 M - 3 silver boomerangs
Armour
 c - a +0 kite shield (worn)
 t - a +1 troll leather armour (worn)
 A - +0 steam dragon scales
 G - a +1 robe of the Archmagi
Magical Staves
 K - a staff of death
 O - a staff of earth
Jewellery
 g - an amulet of regeneration (around neck)
 l - a ring of flight (left hand)
 r - a ring of see invisible (right hand)
 E - a +6 ring of intelligence
 H - a ring of resist corrosion
 J - a ring of wizardry
Wands
 p - a wand of acid (9)
 s - a wand of mindburst (3)
 x - a wand of iceblast (17)
 C - a wand of paralysis (3)
Scrolls
 z - 2 scrolls of identify
Potions
 d - 2 potions of lignification
 h - a potion of magic
 m - a potion of mutation
 u - 3 potions of attraction
 D - 2 potions of ambrosia
 F - 3 potions of curing
 N - a potion of heal wounds


   Skills:
 + Level 16.9 Fighting
 * Level 1.1 Short Blades
 + Level 8.4 Axes
 + Level 3.3 Ranged Weapons
 + Level 1.0 Throwing
 + Level 0.5 Armour
 + Level 4.5 Dodging
 + Level 2.4 Stealth
 + Level 5.5 Shields
 + Level 5.0 Invocations


You had 4 spell levels left.
You knew the following spells:

 Your Spells              Type           Power      Damage    Failure   Level
a - Magic Dart            Conj           0%         1d3       32%         1
b - Call Imp              Summ           0%         N/A       45%         2
c - Mephitic Cloud        Conj/Pois/Air  0%         N/A       69%         3

Your spell library contained the following spells:

 Spells                   Type           Power      Damage    Failure   Level
 Sting                    Tmut/Pois      0%         1d3       32%         1
 Poisonous Vapours        Pois/Air       0%         N/A       45%         2
 Dazzling Flash           Conj/Hex       0%         N/A       69%         3
 Corpse Rot               Necr/Pois/Air  0%         N/A       97%         4
 Iskenderun's Mystic Bla  Conj/Tloc      0%         2d3       97%         4
 Starburst                Conj/Fire      0%         6d3       100%        6
 Maxwell's Capacitive Co  Air            0%         ∞         100%        8


Dungeon Overview and Level Annotations

Branches:
Dungeon (9/15)             Temple (0/1) D:6            Lair (0/5) D:9
    Orc: D:9-12

Altars:
Ashenzari
Cheibriados
Elyvilon
Yredelemnul


Innate Abilities, Weirdness & Mutations

You are too large for most types of armour.
You have tough skin. (AC +1)


Message History

You feel sick.
Throw: 5 large rocks
Press: ? - help, Q - select action, (/) - cycle Shift-Dir - straight line, f/p - freezing wraith
Aim: a freezing wraith (moderately damaged, 70% to hit)
You throw a large rock.
The large rock hits the freezing wraith but does no damage.
The freezing wraith is moderately damaged.
You feel sick. The freezing wraith hits you! The freezing wraith freezes you!
The freezing wraith hits you. The freezing wraith drains your vigour!
You feel yourself slow down.
You hit the freezing wraith. You burn the freezing wraith.
The freezing wraith is moderately damaged.
You feel sick. You block the freezing wraith's attack.
The freezing wraith closely misses you. You block the freezing wraith's attack.
The freezing wraith hits you! The freezing wraith drains your vigour!
You feel as though you will be slow longer.
You slash the freezing wraith! You burn the freezing wraith.
The freezing wraith is severely damaged.
You feel sick. You block the freezing wraith's attack.
The freezing wraith hits you. x2; The freezing wraith freezes you!
The freezing wraith hits you!
You slash the freezing wraith! You burn the freezing wraith.
The freezing wraith is almost destroyed.
You feel sick.
You are no longer poisoned.
You block the freezing wraith's attack. The freezing wraith closely misses you.
You block the freezing wraith's attack. The freezing wraith hits you!
The freezing wraith drains your vigour!
You feel as though you will be slow longer.
You closely miss the freezing wraith.
The freezing wraith is almost destroyed.
The freezing wraith hits you! The freezing wraith freezes you!!
* * * LOW HITPOINT WARNING * * *
You block the freezing wraith's attack. The freezing wraith hits you!
* * * LOW HITPOINT WARNING * * *
The freezing wraith freezes you!
* * * LOW HITPOINT WARNING * * *
The freezing wraith completely misses you.
The freezing wraith barely misses you. The freezing wraith hits you!
You die...

..##...#
#.#(..
.#...#.##
##.'.
...###..#
#..# ..##
##.# #..#
### #.####
##)(#
#.>..###...#
####..##..(#
##.##..W#
#..#..@#
##.##'##
#...)#
######


You could see a freezing wraith.

Vanquished Creatures
  A two-headed ogre (D:7)
  A boulder beetle (D:9)
  A skeletal warrior (D:9)
  An ugly thing (D:9)
  An efreet (D:9)
  A tengu conjurer (D:8)
  Grinder (D:5)
  A troll (D:9)
  2 vampires
  10 yaks
  Eustachio (D:6)
  A steam dragon (D:8)
  A redback (D:9)
  Menkaure (D:5)
  4 vampire mosquitoes (D:8)
  2 water moccasins (D:6)
  3 orc warriors
  An ice beast (D:6)
  A black bear (D:4)
  An ogre (D:6)
  3 centaurs
  A kobold brigand (D:7)
  4 bullfrogs
  3 scorpions
  3 necrophages
  2 gnoll sergeants (D:9)
  9 wights
  2 centaur zombies (D:6)
  5 hounds
  6 orc priests
  3 iguanas
  6 orc wizards
  15 gnolls
  11 adders
  4 worms
  2 dart slugs (D:1)
  23 orcs
  7 bats
  6 endoplasms
  2 giant cockroaches
  7 goblins
  7 hobgoblins
  5 jackals
  9 kobolds
  2 quokkas
  10 ball pythons
  7 frilled lizards
  5 rats
205 creatures vanquished.

Vanquished Creatures (others)
  An orc (D:8)
  A fungus (D:7)
2 creatures vanquished.

Grand Total: 207 creatures vanquished

Notes
Turn   | Place    | Note
-------+----------+-------------------------------------------
     0 | D:1      | promet the Ogre Fighter began the quest for the Orb.
     0 | D:1      | Reached XP level 1. HP: 24/24 MP: 1/1
   166 | D:1      | Reached XP level 2. HP: 30/32 MP: 2/2
   289 | D:1      | Learned a level 1 spell: Magic Dart
  1009 | D:1      | Reached XP level 3. HP: 38/39 MP: 3/3
  1451 | D:2      | Reached XP level 4. HP: 44/49 MP: 4/4
  1527 | D:2      | Found a snail-covered altar of Cheibriados.
  1573 | D:2      | Became a worshipper of Cheibriados the Contemplative
  1665 | D:2      | Found a faded altar of an unknown god.
  2064 | D:2      | Reached XP level 5. HP: 55/55 MP: 5/5
  2297 | D:3      | Reached skill level 16 in Fighting
  2297 | D:3      | Reached XP level 6. HP: 87/92 MP: 6/6
  2606 | D:3      | Reached * piety under Cheibriados
  3183 | D:3      | Found a faded altar of an unknown god.
  3188 | D:3      | Found a snail-covered altar of Cheibriados.
  3497 | D:4      | Noticed a black bear
  3514 | D:4      | Killed a black bear
  3515 | D:4      | Reached skill level 1 in Stealth
  3515 | D:4      | Reached XP level 7. HP: 42/101 MP: 7/7
  4001 | D:4      | Reached ** piety under Cheibriados
  4022 | D:4      | Identified the +9 sling of the Coin {freeze, rF+ MP+9
                  | Int+4}
  4042 | D:4      | Learned a level 2 spell: Call Imp
  4053 | D:4      | Learned a level 3 spell: Mephitic Cloud
  4161 | D:4      | You fall into a shaft and drop 1 floor!
  4161 | D:5      | Entered Level 5 of the Dungeon
  4866 | D:5      | Noticed Grinder
  4871 | D:5      | Paralysed by Grinder for 5 turns
  4882 | D:5      | Killed Grinder
  4883 | D:5      | Reached skill level 1 in Ranged Weapons
  4883 | D:5      | Reached XP level 8. HP: 45/110 MP: 8/8
  5023 | D:5      | Noticed Menkaure
  5024 | D:5      | Killed Menkaure
  5025 | D:5      | Reached skill level 5 in Axes
  5134 | D:6      | Found a staircase to the Ecumenical Temple.
  5172 | D:6      | Reached *** piety under Cheibriados
  5215 | D:6      | Noticed Eustachio
  5227 | D:6      | Killed Eustachio
  5425 | D:6      | Reached XP level 9. HP: 22/118 MP: 9/9
  5811 | D:6      | Found a basalt altar of Yredelemnul.
  6211 | D:6      | Reached skill level 1 in Invocations
  7179 | D:7      | Reached **** piety under Cheibriados
  7255 | D:7      | Noticed a two-headed ogre
  7263 | D:7      | Killed a two-headed ogre
  7625 | D:7      | Reached XP level 10. HP: 128/128 MP: 10/11
  9152 | D:8      | Found a white marble altar of Elyvilon.
  9340 | D:9      | Got Listre's Spellbook of the Ant
  9531 | D:9      | Found a broken altar of Ashenzari.
  9604 | D:9      | Reached skill level 5 in Shields
  9888 | D:9      | Reached skill level 1 in Throwing
  9928 | D:9      | Reached ***** piety under Cheibriados
 10184 | D:9      | Identified the +5 rapier of the Vendetta {freeze, Str+7
                  | Dex+4 Stlth+}
 10232 | D:9      | Found a staircase to the Lair.
 10255 | D:9      | Noticed a boulder beetle
 10274 | D:9      | Killed a boulder beetle
 10275 | D:9      | Reached XP level 11. HP: 105/137 MP: 14/14
 10728 | D:9      | Reached skill level 5 in Invocations
 11314 | D:9      | Noticed a red ugly thing
 11322 | D:9      | Noticed a fire dragon
 11322 | D:9      | Noticed a skeletal warrior
 11324 | D:9      | Killed a red ugly thing
 11332 | D:9      | Killed a skeletal warrior
 11333 | D:9      | Reached skill level 1 in Short Blades
 11394 | D:9      | HP: 2/137 [freezing wraith (10)]
 11394 | D:9      | Mangled by a freezing wraith

Illustrated notes

Levels and vault maps discovered:
D:1:      minmay_arrival_four_circles, layout_loops_ring, grunt_decor_one_mirror
D:2:      layout_basic, nicolae_ecumenical_snake_handling, basic_altar
D:3:      layout_loops_cross, nicolae_overflow_ecumenical_swirl
D:4:      layout_rooms, nicolae_ossuary_entry_giza, chequers_serial_rivers_marsh
D:5:      layout_basic, uniq_grinder, uniq_menkaure
D:6:      layout_basic, lemuel_zombie_altar_yredelemnul,
          minmay_temple_entry_overgrown, uniq_eustachio
D:7:      layout_gridville, kennysheep_another_room, uniq_crazy_yiuf_cottage
D:8:      layout_rooms, mainiacjoe_overflow_brackets
D:9:      minmay_sliced_demisemicircle, layout_layer_cave,
          evilmike_ruin_ashenzari

Skill      XL: |  1  2  3  4  5  6  7  8  9 10 11 |
---------------+----------------------------------+-----
Dodging        | 3 4 |  4.5
Axes           | 3 4 5 6 8 |  8.4
Fighting       | 16 | 16.9
Stealth        | 1 2 |  2.4
Ranged Weapons | 1 2 3 |  3.3
Shields        | 4 5 |  5.5
Invocations    | 2 4 5 |  5.0
Throwing       | 1 |  1.0
Short Blades   | 1 |  1.1
Armour         | |  0.5

Action                   |  1- 3 |  4- 6 |  7- 9 | 10-12 || total
-------------------------+-------+-------+-------+-------++-------
Melee: War axe           |   102 |   149 |   116 |       ||   367
       Broad axe         |       |       |    53 |   167 ||   220
       Scimitar          |       |       |       |     4 ||     4
 Fire: Sling             |       |       |    50 |    44 ||    94
Throw: Large rock        |       |     7 |     6 |    19 ||    32
       Stone             |       |       |     4 |       ||     4
       Dart              |       |       |     2 |       ||     2
       Throwing net      |       |       |       |     1 ||     1
 Cast: Magic Dart        |     1 |       |     3 |       ||     4
Invok: Bend Time         |       |       |       |     2 ||     2
Evoke: Wand              |       |       |     2 |     2 ||     4
  Use: Scroll            |     1 |     4 |     9 |    18 ||    32
       Potion            |     1 |     3 |     2 |     5 ||    11
 Stab: Sleeping          |     1 |     2 |     3 |       ||     6
       Held in net/web   |       |       |       |     1 ||     1
Armor: Robe              |    39 |    43 |    44 |     8 ||   134
       Steam dragon scal |       |       |       |    62 ||    62
       Troll leather arm |       |       |       |     6 ||     6
Dodge: Dodged            |    44 |    69 |    60 |   170 ||   343
Block: Kite shield       |    36 |    69 |    72 |   210 ||   387
